 Dungeon Crawl Stone Soup version 0.28-a0-796-gd4f0d3f9b2 (webtiles) character file.

Game seed: 9887976883218544502

146 Gargoyl the Skirmisher (level 5, -4/47 HPs)
             Began as a Gnoll Abyssal Knight on Nov 6, 2021.
             Was a Believer of Lugonu.
             Slain by Pikel (13 damage)
             ... on level 4 of the Dungeon.
             The game lasted 00:04:40 (3103 turns).

Gargoyl the Skirmisher (Gnoll Abyssal Knight)       Turns: 3103, Time: 00:04:40

Health: -4/47      AC: 11    Str: 13    XL:     5   Next: 28%
Magic:  8/8        EV:  4    Int: 15    God:    Lugonu [**....]
Gold:   140        SH:  8    Dex: 15    Spells: 6/6 levels left

rFire   . . .      SeeInvis .   a - +1 hand axe
rCold   . . .      Faith    .   o - +0 kite shield
rNeg    . . .      Spirit   .   d - +0 chain mail
rPois   .          Reflect  .   (no helmet)
rElec   .          Harm     .   (no cloak)
rCorr   .          Rampage  .   (no gloves)
Will    .....                   (no boots)
Stlth   ..........              (no amulet)
HPRegen 0.15/turn               k - +6 ring of intelligence
MPRegen 0.11/turn               (no ring)

@: no status effects
A: fangs 1, strong nose, distributed training, iridescent scales 1, agile 1
a: Renounce Religion, Depart the Abyss, Bend Space


You were on level 4 of the Dungeon.
You worshipped Lugonu.
Lugonu was pleased with you.
You visited 1 branch of the dungeon, and saw 4 of its levels.
You visited the Abyss 1 time.

You collected 140 gold pieces.

Inventory:

Hand Weapons
 a - a +1 hand axe (weapon)
Missiles
 e - 16 poisoned darts (quivered)
Armour
 d - a +0 chain mail (worn)
 o - a +0 kite shield (worn)
Jewellery
 k - a +6 ring of intelligence (left hand)
Scrolls
 f - 3 scrolls of identify
 i - a scroll of silence
 j - a scroll of brand weapon {unknown}
Potions
 b - a potion of invisibility
 c - 3 potions of curing {unknown}
 g - a potion of brilliance {unknown}
 h - a potion of might {unknown}
 l - a potion of flight {unknown}
 m - 2 potions of attraction {unknown}
 p - a potion of degeneration {unknown}


   Skills:
 + Level 6.7 Fighting
 + Level 1.4 Short Blades
 + Level 1.4 Long Blades
 + Level 4.7 Axes
 + Level 1.4 Maces & Flails
 + Level 1.4 Polearms
 + Level 1.4 Staves
 + Level 1.4 Slings
 + Level 1.4 Bows
 + Level 1.4 Crossbows
 + Level 1.4 Throwing
 + Level 4.7 Armour
 + Level 2.9 Dodging
 + Level 1.4 Stealth
 + Level 1.4 Shields
 + Level 1.4 Unarmed Combat
 + Level 1.4 Spellcasting
 + Level 1.1 Conjurations
 + Level 1.1 Hexes
 + Level 1.1 Summonings
 + Level 1.1 Necromancy
 + Level 1.1 Translocations
 + Level 1.1 Transmutations
 + Level 1.1 Fire Magic
 + Level 1.1 Ice Magic
 + Level 1.1 Air Magic
 + Level 1.1 Earth Magic
 + Level 1.1 Poison Magic
 + Level 4.8 Invocations
 + Level 1.4 Evocations


You had 6 spell levels left.
You didn't know any spells.
Your spell library was empty.

Dungeon Overview and Level Annotations

Branches:
Dungeon (4/15)             Temple (0/1) D:4

Altars:
Gozag
Trog
Vehumet

Shops:
D:2 (

Annotations:
D:3 1 runed translucent door, Astera's ghost, amateur TrWz
D:4 Pikel


Innate Abilities, Weirdness & Mutations

You have very sharp teeth.
Your uncanny sense of smell can sniff out nearby items.
Your experience applies equally to all skills.
You are partially covered in iridescent scales. (AC +2)
You are agile. (Dex +2)


Message History

You hit the lemure.
The lemure is moderately wounded.
The lemure hits you.
You barely miss the lemure. Your bite misses the lemure.
The lemure is lightly wounded.
You block the lemure's attack.
You barely miss the lemure. You bite the lemure, but do no damage.
The lemure is lightly wounded.
You block the lemure's attack. The lemure hits you but does no damage.
You hit the lemure.
The lemure is moderately wounded.
The lemure hits you but does no damage.
You hit the lemure but do no damage. Your bite misses the lemure.
The lemure is moderately wounded.
The lemure completely misses you.
You hit the lemure but do no damage.
The lemure is moderately wounded.
The lemure hits you but does no damage.
You hit Pikel.
Pikel is lightly wounded.
Pikel hits you with a +1 whip of electrocution.
You hit Pikel.
Pikel is lightly wounded.
You block Pikel's attack.
Pikel hits you with a +1 whip of electrocution.
You closely miss Pikel.
Pikel is lightly wounded.
You block Pikel's attack.
You hit Pikel.
Pikel is moderately wounded.
Pikel waves his whip at you.
Pikel hits you with a +1 whip of electrocution.
* * * LOW HITPOINT WARNING * * *
Unknown command.
You closely miss Pikel.
Pikel is moderately wounded.
Pikel hits you with a +1 whip of electrocution.
* * * LOW HITPOINT WARNING * * *
You are electrocuted!
You die...

#......####.##.#...#
#..#.#.<.......!...##.#
#....#..###.##.#....K.
#..#....# #.##....###.
#....#.####.##....>#
#.#.........##..5.###.#
#.#.##.#######.555....#
#...)..# ###K######
###.#### #@# #.# #+#
#.##### #.....####
####.....# #####...+###
........# ∆ #####...#
##..#


You could see Pikel and 4 lemures.

Vanquished Creatures
  An orc wizard (D:2)
  A hound skeleton (D:4)
  4 adders
  A worm (D:3)
  A dart slug (D:2)
  4 orcs (D:2)
  5 ball pythons
  4 endoplasms
  4 giant cockroaches
  4 goblins
  5 hobgoblins
  4 jackals (D:3)
  5 quokkas
  7 bats
  A frilled lizard (D:2)
  6 kobolds
  6 rats
63 creatures vanquished.

Notes
Turn   | Place    | Note
-------+----------+-------------------------------------------
     0 | Abyss:1  | Gargoyl the Gnoll Abyssal Knight began the quest for the
                  | Orb.
     0 | Abyss:1  | Reached XP level 1. HP: 23/23 MP: 3/3
    94 | Abyss:2  | Noticed a small abomination
   114 | D:1      | Escaped the Abyss
   235 | D:1      | Reached XP level 2. HP: 29/29 MP: 5/5
   273 | D:1      | Reached * piety under Lugonu
   471 | D:1      | Found a faded altar of an unknown god.
  1095 | D:2      | Reached XP level 3. HP: 32/35 MP: 6/6
  1116 | D:2      | Gained mutation: You are agile. (Dex +2) [potion of
                  | mutation]
  1116 | D:2      | Gained mutation: You are partially covered in iridescent
                  | scales. (AC +2) [potion of mutation]
  1461 | D:2      | Reached skill level 1 in Short Blades
  1461 | D:2      | Reached skill level 1 in Long Blades
  1461 | D:2      | Reached skill level 1 in Maces & Flails
  1461 | D:2      | Reached skill level 1 in Polearms
  1461 | D:2      | Reached skill level 1 in Staves
  1461 | D:2      | Reached skill level 1 in Slings
  1461 | D:2      | Reached skill level 1 in Bows
  1461 | D:2      | Reached skill level 1 in Crossbows
  1461 | D:2      | Reached skill level 1 in Throwing
  1461 | D:2      | Reached skill level 1 in Stealth
  1461 | D:2      | Reached skill level 1 in Shields
  1461 | D:2      | Reached skill level 1 in Unarmed Combat
  1461 | D:2      | Reached skill level 1 in Spellcasting
  1461 | D:2      | Reached skill level 1 in Evocations
  1461 | D:2      | Reached XP level 4. HP: 19/41 MP: 7/7
  1777 | D:2      | Found Zeanidy's Antique Weapon Shop.
  2029 | D:3      | Reached skill level 1 in Conjurations
  2029 | D:3      | Reached skill level 1 in Hexes
  2029 | D:3      | Reached skill level 1 in Summonings
  2029 | D:3      | Reached skill level 1 in Necromancy
  2029 | D:3      | Reached skill level 1 in Translocations
  2029 | D:3      | Reached skill level 1 in Transmutations
  2029 | D:3      | Reached skill level 1 in Fire Magic
  2029 | D:3      | Reached skill level 1 in Ice Magic
  2029 | D:3      | Reached skill level 1 in Air Magic
  2029 | D:3      | Reached skill level 1 in Earth Magic
  2029 | D:3      | Reached skill level 1 in Poison Magic
  2033 | D:3      | Found a runed translucent door.
  2033 | D:3      | Noticed Astera's ghost (amateur TrWz)
  2329 | D:3      | Found a radiant altar of Vehumet.
  2462 | D:3      | Reached XP level 5. HP: 47/47 MP: 8/8
  2645 | D:3      | Noticed a moth of wrath
  2648 | D:3      | Found a bloodstained altar of Trog.
  2662 | D:3      | Reached ** piety under Lugonu
  2973 | D:4      | Found an opulent altar of Gozag.
  3049 | D:4      | Found a staircase to the Ecumenical Temple.
  3073 | D:4      | Noticed a lemure
  3073 | D:4      | Noticed a lemure
  3080 | D:4      | Noticed a lemure
  3084 | D:4      | Noticed a lemure
  3086 | D:4      | Noticed Pikel
  3103 | D:4      | Slain by Pikel

Illustrated notes

Levels and vault maps discovered:
D:1:      lemuel_arrival_hallway, layout_basic, ebering_ecumenical_altar_ruins
D:2:      layout_loops_ring, serial_shops, nicolae_shop_window_shopping
D:3:      layout_basic, tgw_trog, lemuel_tele_altar,
          hellmonk_ghost_happy_afterlife
D:4:      layout_loops_corners, nicolae_gozag_cash_rules_everything_around_me,
          nicolae_ru_great_annihilating_truth, minmay_temple_entry_slanted,
          hex_tiny, corexii_checkpoint_b, uniq_robin, uniq_grinder, uniq_pikel,
          uniq_blork_the_orc

Skill      XL: |  1  2  3  4 |
---------------+-------------+-----
Short Blades   | 1 |  1.4
Long Blades    | 1 |  1.4
Maces & Flails | 1 |  1.4
Polearms       | 1 |  1.4
Staves         | 1 |  1.4
Slings         | 1 |  1.4
Bows           | 1 |  1.4
Crossbows      | 1 |  1.4
Throwing       | 1 |  1.4
Stealth        | 1 |  1.4
Shields        | 1 |  1.4
Unarmed Combat | 1 |  1.4
Spellcasting   | 1 |  1.4
Evocations     | 1 |  1.4
Conjurations   | 1 |  1.1
Hexes          | 1 |  1.1
Summonings     | 1 |  1.1
Necromancy     | 1 |  1.1
Translocations | 1 |  1.1
Transmutations | 1 |  1.1
Fire Magic     | 1 |  1.1
Ice Magic      | 1 |  1.1
Air Magic      | 1 |  1.1
Earth Magic    | 1 |  1.1
Poison Magic   | 1 |  1.1
Fighting       | |  6.7
Axes           | |  4.7
Armour         | |  4.7
Dodging        | |  2.9
Invocations    | |  4.8

Action                   |  1- 3 |  4- 6 || total
-------------------------+-------+-------++-------
Melee: Hand axe          |   109 |   115 ||   224
       Bite              |    12 |     8 ||    20
       Punch             |     2 |       ||     2
Invok: Depart the Abyss  |     1 |       ||     1
  Use: Potion            |     2 |       ||     2
       Scroll            |     2 |     3 ||     5
Armor: Chain mail        |    92 |    97 ||   189
Dodge: Dodged            |    29 |    49 ||    78
Block: Kite shield       |       |    24 ||    24

Table legend: (Time is in decaauts)
 A = Elapsed time spent in this place.
 B = Non-inter-level travel time spent in this place.
 C = Inter-level travel time spent in this place.
 D = Time resting spent in this place.
 E = Time spent auto-exploring this place.
 F = Levels seen in this place.
 G = Mean time per level.
                   A        B        C        D        E       F      G
               +--------+--------+--------+--------+--------+-----+--------+
         Total |   3131 |   3048 |     83 |     16 |   2273 |   6 |  521.8 |
       Dungeon |   3017 |   2934 |     83 |     16 |   2227 |   4 |  754.2 |
         Abyss |    113 |    113 |      0 |      0 |     46 |   2 |   56.5 |
               +--------+--------+--------+--------+--------+-----+--------+

Top non-repeatable levels by time:
     D:1: 975 daAuts
     D:2: 935 daAuts
     D:3: 898 daAuts
     D:4: 208 daAuts
 Abyss:2: 62 daAuts
 Abyss:1: 51 daAuts
